Map: Cactus Valley LE (Void)

Players

ReiGN - Winner!

  • Race: Protoss Protoss
  • Spawn Location: 5:00

aLo

  • Race: Zerg Zerg
  • Spawn Location: 7:00

Event: IEM XI Katowice - World Championship 2017

VOD

Have the link to the VOD?

Description

Time

  • Played on: Feb. 28, 2017, 9:51 a.m.
  • Length: 6:47

All games in this series

Show
View Real Time Build Order
Export as new Build Order

ReiGN Protoss - Winner!

Build Orders: 1 Gate Expand 

Get SALT Encoding   

  12  0:01  Probe (Chrono Boost)  
  13  0:11  Probe (Chrono Boost)  
  14  0:20  Pylon  
  14  0:23  Probe (Chrono Boost)  
  15  0:38  Probe (Chrono Boost)  
  15  0:39  Gateway  
  16  0:49  Assimilator, Probe (Chrono Boost)  
  17  0:59  Probe (Chrono Boost)  
  18  1:10  Probe (Chrono Boost)  
  19  1:20  Probe (Chrono Boost)  
  20  1:27  Nexus  
  20  1:36  Cybernetics Core  
  20  1:39  Probe (Chrono Boost)  
  21  1:44  Assimilator  
  21  1:49  Probe (Chrono Boost)  
  22  1:56  Pylon  
  22  2:00  Probe (Chrono Boost)  
  23  2:10  Stalker  
  23  2:13  Warp Gate  
  26  2:16  Probe (Chrono Boost)  
  26  2:28  Probe (Chrono Boost)  
  27  2:40  Probe (Chrono Boost)  
  27  2:41  Mothership Core (Chrono Boost)  
  30  2:51  Probe (Chrono Boost)  
  31  2:52  Pylon  
  31  2:58  Sentry  
  31  3:01  Probe (Chrono Boost)  
  34  3:08  Robotics Facility  
  34  3:10  Probe (Chrono Boost)  
  35  3:13  Probe (Chrono Boost)  
  35  3:20  Probe (Chrono Boost)  
  35  3:23  Probe (Chrono Boost)  
  37  3:31  Probe (Chrono Boost)  
  37  3:34  Probe (Chrono Boost)  
  39  3:37  Gateway  
  39  3:40  Gateway  
  39  3:41  Probe (Chrono Boost)  
  39  3:44  Probe (Chrono Boost)  
  41  3:49  Pylon  
  41  3:53  Probe (Chrono Boost)  
  41  3:54  Sentry  
  41  3:55  Probe (Chrono Boost)  
  45  4:02  Immortal  
  45  4:05  Probe (Chrono Boost)  
  45  4:07  Probe (Chrono Boost)  
  52  4:17  Pylon, Probe x2 (Chrono Boost)  
  53  4:29  Probe (Chrono Boost)  
  53  4:30  Nexus  
  53  4:31  Pylon  
  54  4:38  Observer, Sentry x2  
  58  4:40  Adept  
  58  4:42  Probe (Chrono Boost)  
  58  4:43  Assimilator  
  62  4:47  Assimilator  
  62  4:48  Pylon  
  62  4:51  Probe (Chrono Boost)  
  62  4:52  Probe (Chrono Boost)  
  64  4:56  Gateway  
  64  4:57  Gateway  
  64  5:03  Probe x2 (Chrono Boost)  
  66  5:07  Adept x2  
  66  5:09  Adept  
  66  5:11  Warp Prism  
  66  5:13  Probe (Chrono Boost)  
  76  5:23  Probe (Chrono Boost)  
  76  5:45  Immortal  
  76  5:49  Probe (Chrono Boost)  
  82  5:51  Probe (Chrono Boost)  
  82  5:55  Probe (Chrono Boost)  
  83  6:00  Twilight Council  
  83  6:02  Forge  
  83  6:06  Probe (Chrono Boost)  
  84  6:17  Adept  
  84  6:18  Adept x4  
  84  6:37  Probe (Chrono Boost)  
  88  6:44  Assimilator  
Show
View Real Time Build Order
Export as new Build Order

aLo Zerg 

Build Orders: Hatch First 

Get SALT Encoding   

  12  0:09  Drone  
  12  0:12  Overlord  
  13  0:18  Drone  
  14  0:33  Drone x2  
  16  0:42  Drone  
  17  1:00  Drone  
  17  1:03  Extractor  
  17  1:04  Hatchery  
  17  1:11  Drone  
  17  1:18  Spawning Pool  
  17  1:32  Drone  
  17  1:33  Drone  
  18  1:45  Drone  
  19  1:47  Overlord  
  19  2:06  Zergling x2  
  19  2:07  Queen  
  22  2:09  Zergling x2  
  23  2:16  Queen  
  23  2:20  Drone x2  
  27  2:32  Drone x2  
  29  2:39  Extractor  
  29  2:40  Metabolic Boost  
  29  2:43  Lair  
  28  3:03  Drone  
  28  3:04  Drone x5  
  34  3:15  Zergling x4  
  36  3:21  Overlord  
  36  3:22  Overlord  
  36  3:43  Drone  
  37  3:53  Roach Warren  
  36  3:57  Hydralisk Den  
  35  4:06  Drone  
  35  4:07  Hatchery, Drone x10  
  45  4:20  Extractor  
  44  4:28  Overlord x2  
  44  4:32  Roach  
  44  4:33  Roach x3  
  52  4:42  Extractor  
  52  4:44  Glial Reconstitution  
  51  4:51  Drone  
  51  4:52  Drone x5  
  57  4:59  Queen  
  59  5:03  Drone x3  
  59  5:04  Drone  
  64  5:07  Drone  
  64  5:13  Drone x2  
  66  5:25  Roach  
  66  5:26  Roach x2  
  71  5:30  Overlord x2  
  71  5:34  Lair  
  66  5:53  Roach  
  66  5:54  Roach x7  
  66  5:56  Overlord  

Tags
 
Add a new tag
Caveats
  • Supply blocks, unpowered buildings, or Contaminate may cause inaccurate times.
  • Supply counts are checked every 10 seconds.